 Dungeon Crawl Stone Soup version 0.28.0-47-ge53b351184 (webtiles) character file.

Game seed: 14513239358068646345

161 101zpm the Magician (level 5, 0/35 HPs)
             Began as a Djinni Fire Elementalist on May 8, 2022.
             Was an Initiate of Hepliaklqana.
             Engulfed by a cloud of flame (7 damage)
             ... on level 4 of the Dungeon.
             The game lasted 00:05:14 (4907 turns).

101zpm the Magician (Djinni Fire Elementalist)      Turns: 4907, Time: 00:05:15

Health: 0/35       AC:  2    Str:  7    XL:     5   Next: 70%
Gold:   139        EV: 12    Int: 19    God:    Hepliaklqana [......] SH:  5 Dex: 13

rFire   + + .      SeeInvis .   (no weapon)
rCold   x . .      Faith    .   (no shield)
rNeg    . . .      Spirit   .   a - +0 robe
rPois   ∞          Reflect  +   (no helmet)
rElec   .          Harm     .   (no cloak)
rCorr   .          Rampage  .   (no gloves)
Will    .....                   (boots unavailable)
Stlth   ++........              k - amulet of reflection
HPRegen 0.11/turn               (no ring)
MPRegen 0.00/turn               (no ring)

@: flying
A: sickness immunity, fire resistance 2, cold vulnerability 1, float, innate
caster, HP casting, extra vitality 1
a: Renounce Religion


You were on level 4 of the Dungeon.
You worshipped Hepliaklqana.
Hepliaklqana was noncommittal.
You visited 1 branch of the dungeon, and saw 4 of its levels.

You collected 139 gold pieces.

Inventory:

Armour
 a - a +0 robe (worn)
 j - an orb of energy
Jewellery
 k - an amulet of reflection (around neck)
Scrolls
 b - a scroll of blinking {unknown}
 c - a scroll of enchant weapon {unknown}
 d - 2 scrolls of teleportation {unknown}
 e - a scroll of summoning {unknown}
 f - 3 scrolls of fear {unknown}
 h - a scroll of immolation {unknown}
 i - a scroll of identify {unknown}
 l - a scroll of magic mapping {unknown}
Potions
 g - a potion of attraction {unknown}
 m - a potion of haste {unknown}


   Skills:
 + Level 2.4 Dodging
 + Level 2.2 Stealth
 + Level 4.3 Spellcasting


You couldn't memorise any spells.
You knew the following spells:

 Your Spells              Type           Power      Damage    Failure   Level
a - Foxfire               Conj/Fire      80%        2x1d8     2%          1
b - Scorch                Fire           40%        2d7       3%          2
c - Conjure Flame         Conj/Fire      20%        6-21      7%          3
d - Inner Flame           Hex/Fire       20%        N/A       7%          3
e - Flame Wave            Conj/Fire      20%        2d7       22%         4
f - Slow                  Hex            80%        N/A       2%          1
g - Call Imp              Summ           20%        N/A       3%          2
Your spell library was empty.

Dungeon Overview and Level Annotations

Branches:
Dungeon (4/15)
 Temple: D:4-7

Altars:
Cheibriados
Hepliaklqana
Makhleb

Shops:
D:1 (   D:2 =

Annotations:
D:3 2 transporters, Tali's ghost, amateur DsBe


Innate Abilities, Weirdness & Mutations

You are immune to sickness and miasma.
You are immune to poison.
Your flesh is very heat resistant. (rF++)
You are vulnerable to cold. (rC-)
You float through the air rather than walking.
You learn spells naturally, not from books.
Your magical power is your life essence.
You have superior vitality. (+4 MHP)


Message History

The foxfire hits the orc.
The orc is severely wounded.
Casting: Inner Flame (dangerous; 7% risk of failure)
Confirm with . or Enter, or press ? or * to list all spells.
Aiming: Inner Flame (dangerous; 7% risk of failure)
Press: ? - help, Dir - move target, f/p - orc
Aim: an orc, wielding a +0 dagger (severely wounded, ally target, chance to affect: 87%)
You miscast Inner Flame.
Nothing appears to happen.
Unknown command.
You conjure some foxfire!
Casting: Foxfire (safe; 2% risk of failure)
Confirm with . or Enter, or press ? or * to list all spells.
Aiming: Inner Flame (dangerous; 7% risk of failure)
Press: ? - help, Dir - move target, f - orc
Aim: an orc, wielding a +0 dagger (severely wounded, ally target, chance to affect: 87%)
The orc is filled with an inner flame.
The foxfire hits the orc.
The orc explodes!
The fiery explosion engulfs the goblin!!
You kill the goblin!
Your foxfire dissipates!
Your magical contamination has completely faded away.
A hobgoblin comes into view.
You conjure some foxfire!
Casting: Foxfire (safe; 2% risk of failure)
Confirm with . or Enter, or press ? or * to list all spells.
Aiming: Inner Flame (dangerous; 7% risk of failure)
Press: ? - help, Dir - move target, f - hobgoblin
Aim: a hobgoblin (ally target, chance to affect: 87%)
The hobgoblin is filled with an inner flame.
The foxfire hits the hobgoblin but does no damage.
Unknown command.
There is not enough space to conjure foxfire!
Casting: Foxfire (safe; 2% risk of failure)
Confirm with . or Enter, or press ? or * to list all spells.
Flames lash the hobgoblin.
The hobgoblin explodes!
The fiery explosion engulfs you! You resist.
* * * LOW HITPOINT WARNING * * *
You are engulfed in blazing flames.
You resist.
You die...

#..........
#..♣♣♣♣+♣♣♣♣
#..'.......+
####♣.#...#.♣
##...♣.#._.#.♣
#....♣.#...#.♣
##...'.......+
#v##♣♣♣♣+♣♣♣♣
#@# #§# .§#
...# ###.. #).
#.) #..#


There were no monsters in sight!

Vanquished Creatures
  A scorpion (D:3)
  A howler monkey zombie (D:3)
  4 adders
  2 worms (D:2)
  2 orcs
  A bat (D:1)
  4 endoplasms
  2 giant cockroaches
  4 goblins
  6 hobgoblins
  2 jackals (D:2)
  7 kobolds
  A quokka (D:1)
  5 ball pythons
  2 frilled lizards (D:1)
  4 rats
48 creatures vanquished.

Vanquished Creatures (others)
  277 foxfires
277 creatures vanquished.

Grand Total: 325 creatures vanquished

Notes
Turn   | Place    | Note
-------+----------+-------------------------------------------
     0 | D:1      | 101zpm the Djinni Fire Elementalist began the quest for the
                  | Orb.
     0 | D:1      | Reached XP level 1. HP: 15/15 MP: 0/0
   568 | D:1      | Reached XP level 2. HP: 13/21 MP: 0/0
   826 | D:1      | Found Jucen's Weapon Shop.
  1710 | D:3      | Found a transporter.
  1752 | D:3      | Found a transporter.
  1883 | D:3      | Reached skill level 3 in Spellcasting
  1929 | D:3      | Reached XP level 3. HP: 21/25 MP: 0/0
  1929 | D:3      | Learned a level 1 spell: Slow
  2009 | D:3      | Noticed a scorpion
  2016 | D:3      | Killed a scorpion
  2017 | D:3      | Reached XP level 4. HP: 17/31 MP: 0/0
  2024 | D:3      | Reached XP level 5. HP: 11/35 MP: 0/0
  2024 | D:3      | Learned a level 2 spell: Call Imp
  2094 | D:3      | Reached skill level 4 in Spellcasting
  2425 | D:3      | Found a burning altar of Makhleb.
  2777 | D:3      | Noticed Tali's ghost (amateur DsBe)
  2778 | D:3      | Identified the +1 dire flail "Mauv" {distort, rC+ rCorr}
  2778 | D:3      | Noticed an ogre
  2779 | D:3      | Noticed an ogre
  3066 | D:3      | Found a hazy altar of Hepliaklqana.
  3112 | D:3      | Became a worshipper of Hepliaklqana the Forgotten
  4044 | D:2      | Found Zasmi's Jewellery Emporium.
  4703 | D:2      | Found a faded altar of an unknown god.
  4862 | D:4      | Found a snail-covered altar of Cheibriados.
  4907 | D:4      | Engulfed by a cloud of flame

Illustrated notes

Levels and vault maps discovered:
D:1:      roderic_octagonal_star, layout_basic, serial_shops, shop
D:2:      layout_loops_corners, serial_shops, shop,
          shapermc_ecumenical_altar_pompeii
D:3:      layout_basic, lemuel_tele_altar, mainiacjoe_overflow_cross_hatched,
          gammafunk_ghost_smash
D:4:      layout_layer_cave, lemuel_coloured_pillars_altar,
          mainiacjoe_overflow_six_doors_small, nicolae_dithmenos_shadow_blocks,
          nemelex_xobeh_ov_fountains_minmay, serial_rivers,
          chequers_serial_rivers_small_3, chequers_serial_rivers_micro_b,
          chequers_serial_rivers_micro_c, chequers_serial_rivers_micro_b

Skill      XL: |  1  2  3  4  5 |
---------------+----------------+-----
Spellcasting   | 3 4 |  4.3
Stealth        | 2 |  2.2
Dodging        | |  2.4

Action                   |  1- 3 |  4- 6 || total
-------------------------+-------+-------++-------
 Cast: Foxfire           |    81 |    85 ||   166
       Scorch            |     5 |    14 ||    19
       Inner Flame       |       |    14 ||    14
       Call Imp          |       |     3 ||     3
Dodge: Dodged            |       |     5 ||     5
Block: Other             |       |     1 ||     1
